Cogmind - Beta 9.1 @@@ ROGUE MODE // 2019.11.04 @ 20:28:17 Player: MrPainting Result: Self-destructed Performance ------------- Evolutions (2) 1000 Regions Visited (6) 1200 Robots Destroyed (23) 115 Value Destroyed (680) 680 Prototype IDs (2) 40 Alien Tech Used (0) 0 Bonus (300) 300 TOTAL SCORE: 3335 Bonus ------- Aligned with FarCom 300 Cogmind --------- Core Integrity 550/550 Matter 136/300 Energy 160/160 System Corruption 0% Temperature Cool (9) Location -8/Materials Parts ------- Power (1) Light Nuclear Core Propulsion (4) Utility (4) Medium Storage Unit Advanced Sensor Array Cloak of Protection System Shield Weapon (2) Autogun Grenade Launcher Inventory (8) Heat Sink Medium Storage Unit High-capacity Storage Unit Compact Matter Pod (0) Hardened Light Armor Plating Shock Rifle Improved Assault Rifle Grenade Launcher Peak State ------------ Power Light Nuclear Core Propulsion Aluminum Leg Utility Medium Storage Unit Advanced Sensor Array Cloak of Protection System Shield Weapon Autogun Grenade Launcher Inventory Heat Sink Medium Storage Unit High-capacity Storage Unit Compact Matter Pod Hardened Light Armor Plating Shock Rifle Improved Assault Rifle Grenade Launcher [Rating: 23] Favorites ----------- Power Light Nuclear Core Engine Ion Engine Power Core Light Nuclear Core Propulsion Aluminum Leg Leg Aluminum Leg Utility Medium Storage Unit Device Cloak of Protection Storage Medium Storage Unit Processor Targeting Computer Hackware System Shield Weapon Autogun Energy Gun Medium Laser Energy Cannon Beam Cannon Ballistic Gun Autogun Launcher Grenade Launcher Build | -11 -10 -9 -9 -9 -8 -8 ------- Run | Scr Mat Mat Min Exi Min Mat Slots Evolved 4 | . . 2 . . . 2 Power . | . . . . . . . Propulsion 2 | . . 2 . . . . Utility 2 | . . . . . . 2 Weapon . | . . . . . . . Parts Attached 29 | 6 15 2 . 3 1 2 Power 3 | 1 2 . . . . . Engine 2 | 1 1 . . . . . Core 1 | . 1 . . . . . Reactor . | . . . . . . . Propulsion 7 | 2 5 . . . . . Treads . | . . . . . . . Leg 7 | 2 5 . . . . . Wheel . | . . . . . . . Hover . | . . . . . . . Flight . | . . . . . . . Utility 8 | 1 2 . . 3 . 2 Device 2 | . . . . 1 . 1 Storage 4 | 1 1 . . 2 . . Processor 1 | . 1 . . . . . Hackware 1 | . . . . . . 1 Protection . | . . . . . . . Artifact . | . . . . . . . Weapon 11 | 2 6 2 . . 1 . Energy Gun 1 | 1 . . . . . . Energy Cannon 2 | . 2 . . . . . Ballistic Gun 7 | 1 4 2 . . . . Ballistic Cannon . | . . . . . . . Launcher 1 | . . . . . 1 . Special Weapon . | . . . . . . . Impact Weapon . | . . . . . . . Slashing Weapon . | . . . . . . . Piercing Weapon . | . . . . . . . Special Melee Weapon . | . . . . . . . Unidentified Prototypes 2 | . . 1 . 1 . . Parts Lost 4 | . 2 . . . 1 1 Power 1 | . 1 . . . . . Propulsion 2 | . . . . . 1 1 Utility . | . . . . . . . Weapon 1 | . 1 . . . . . Highest Loss Streak 1 | . 1 . . . 1 1 Average Slot Usage (%) 82 | . 97 76 77 77 76 71 Engine 4 | . 12 . . . . . Core 7 | . . 11 11 11 11 9 Leg 22 | . 28 22 22 22 21 9 Device 5 | . . . . 6 11 18 Storage 11 | . 14 11 11 11 11 9 Processor 6 | . 12 11 11 4 . . Energy Cannon 1 | . 6 . . . . . Ballistic Gun 17 | . 19 21 22 22 11 9 Launcher 3 | . . . . . 11 9 Naked Turns . | . . . . . . . Heaviest Build 28 | 12 19 19 19 27 27 28 Greatest Support 20 | 20 20 20 20 20 20 10 Greatest Overweight (x) 2 | 2 . . . 1 2 2 Average Overweight (x) . | . . . . . 1 2 Largest Inventory Capacity 12 | 6 8 8 8 12 8 8 Average Capacity 7 | 5 7 8 8 8 8 8 Most Carried 8 | . 8 8 8 8 8 8 Average Carried 7 | . 6 8 8 7 7 8 Final Capacity 8 | 6 8 8 8 8 8 8 Final Carried 8 | . 8 8 8 8 8 8 Class Distribution -------------------- 91% | Mutant 8% | Skirmisher Dominant Class ---------------- Mutant | -10/Materials Mutant | -9/Materials Mutant | -9/Mines Mutant | -9/Exiles Mutant | -8/Mines Skirmisher | -8/Materials Resources | -11 -10 -9 -9 -9 -8 -8 ----------- Run | Scr Mat Mat Min Exi Min Mat Matter Collected 740 | 213 219 93 150 21 44 . Remotely . | . . . . . . . Salvage Created 706 | . 547 93 . . 66 . Parts 44 | . 25 6 . . 13 . Haulers Intercepted . | . . . . . . . Recyclers Shooed . | . . . . . . . Parts Field Recycled . | . . . . . . . Retrieved Matter . | . . . . . . . Parts Self-Destructed . | . . . . . . . Prevented . | . . . . . . . Kills | -11 -10 -9 -9 -9 -8 -8 ------- Run | Scr Mat Mat Min Exi Min Mat Combat Hostiles Destroyed 19 | . 11 2 . . 6 . Guns 8 | . 6 2 . . . . Cannons 5 | . 5 . . . . . AOE 6 | . . . . . 6 . Classes Destroyed 4 | . 3 . . . 1 . Builder 2 | . 1 . . . 1 . Watcher 2 | . 1 1 . . . . Swarmer 4 | . . . . . 4 . Grunt 15 | . 11 2 . . 2 . Best Kill Streak 4 | . 3 3 . . 4 . Combat Bots Only 4 | . 3 2 . . 4 . Max Kills in Single Turn 4 | . 1 1 . . 4 . Gunslinging . | . . . . . . . Exploded 4 | . . . . . 4 . Melee . | . . . . . . . Uniques/NPCs Destroyed . | . . . . . . . Combat | -11 -10 -9 -9 -9 -8 -8 -------- Run | Scr Mat Mat Min Exi Min Mat Damage Taken 888 | . 527 36 . . 311 14 Core 81 | . 62 . . . 19 . Absorbed by Shields . | . . . . . . . Core Remaining (%) 90 | 100 75 . . . 95 . Volleys Fired 75 | . 54 9 . . 12 . Largest 2 | . 2 2 . . 2 . Hottest 80 | . 80 46 . . 53 . Shots Fired 144 | . 102 18 . . 24 . Gun 106 | . 76 18 . . 12 . Cannon 26 | . 26 . . . . . Launcher 12 | . . . . . 12 . Special . | . . . . . . . Kinetic 106 | . 76 18 . . 12 . Thermal 26 | . 26 . . . . . Explosive 12 | . . . . . 12 . Electromagnetic . | . . . . . . . Robot Hit Streak 15 | . 15 3 . . 7 . Robot Miss Streak 4 | . 4 4 . . 2 . Penetration Max . | . . . . . . . Secondary Targets 4 | . 3 1 . . . . Max Gunslinging Chain 1 | . 1 1 . . . . Shots Hit Robots 92 | . 71 7 . . 14 . Core Hits 44 | . 26 4 . . 14 . Critical Hits 2 | . 2 . . . . . Critical Kills . | . . . . . . . Critical Parts Destroyed 2 | . 2 . . . . . Melee Attacks . | . . . . . . . Impact . | . . . . . . . Slashing . | . . . . . . . Piercing . | . . . . . . . Sneak Attacks . | . . . . . . . Combat Hostiles . | . . . . . . . Follow-up Attacks . | . . . . . . . Damage Inflicted 1891 | . 957 116 . . 818 . Guns 839 | . 639 116 . . 84 . Cannons 318 | . 318 . . . . . Explosions 734 | . . . . . 734 . Melee . | . . . . . . . Ramming . | . . . . . . . Kinetic 839 | . 639 116 . . 84 . Thermal 318 | . 318 . . . . . Explosive 734 | . . . . . 734 . Electromagnetic . | . . . . . . . Impact . | . . . . . . . Slashing . | . . . . . . . Piercing . | . . . . . . . Highest Corruption 3 | . . 3 3 3 3 . Average Corruption 2 | . . 2 3 3 3 . Corruption Purged . | . . . . . . . Effects 11 | . . . 2 4 5 . Message Errors 4 | . . . 2 . 2 . Matter Fused 2 | . . . . 2 . . Heat Flow Errors 2 | . . . . . 2 . Energy Discharges 2 | . . . . 1 1 . Data Loss (minor) 1 | . . . . 1 . . Overload Shots . | . . . . . . . Overflow Damage 29 | . 5 . . . 24 . Projectiles 5 | . 5 . . . . . Explosions 24 | . . . . . 24 . Melee . | . . . . . . . Knockbacks . | . . . . . . . Impact . | . . . . . . . Kinetic . | . . . . . . . Secondary . | . . . . . . . Self-Inflicted Damage 108 | . . . . . 108 . Shots 4 | . . . . . 4 . Rammed . | . . . . . . . Targets Rammed . | . . . . . . . Kicked . | . . . . . . . Crushed . | . . . . . . . Highest Temperature 362 | . 362 10 . . 225 . Average Temperature 90 | . 112 4 . . 70 . Received Heat Transfer 417 | . 300 18 . . 90 9 Effects 5 | . 5 . . . . . Shutdowns 1 | . 1 . . . . . Energy Bleed 2 | . 2 . . . . . Interference 2 | . 2 . . . . . Siege Activations . | . . . . . . . Robots Corrupted . | . . . . . . . Combat Hostiles . | . . . . . . . Parts Fried . | . . . . . . . Impact Corruptions . | . . . . . . . Robots Melted . | . . . . . . . Combat Hostiles . | . . . . . . . Parts Melted . | . . . . . . . Heat Transferred 666 | . 666 . . . . . Parts Sabotaged . | . . . . . . . Parts Stolen . | . . . . . . . Parts Stripped . | . . . . . . . Power Chain Reactions . | . . . . . . . Missiles Intercepted . | . . . . . . . Alert | -11 -10 -9 -9 -9 -8 -8 ------- Run | Scr Mat Mat Min Exi Min Mat Peak Influence 277 | . 277 123 47 . 220 99 Average Influence 110 | . 126 78 47 . 145 92 Maximum Alert Level 1 | . 1 . . . 1 . Low Security (%) 85 | . . . . . . . Level 1 14 | . . . . . . . Level 2 . | . . . . . . . Level 3 . | . . . . . . . Level 4 . | . . . . . . . Level 5 . | . . . . . . . High Security . | . . . . . . . Max Security . | . . . . . . . Squads Dispatched 4 | . 2 1 . . . 1 Investigation 1 | . 1 . . . . . Extermination . | . . . . . . . Reinforcement 3 | . 1 1 . . . 1 Assault . | . . . . . . . Garrison . | . . . . . . . Intercept . | . . . . . . . Construction Impeded . | . . . . . . . Haulers Reinforced . | . . . . . . . Stealth | -11 -10 -9 -9 -9 -8 -8 --------- Run | Scr Mat Mat Min Exi Min Mat Distress Signals 1 | . 1 . . . . . Communications Jammed . | . . . . . . . Distress Signals . | . . . . . . . Times Spotted 31 | . 17 4 . . 8 2 Peak Tracking Total 4 | . 3 3 . . 4 1 Tactical Retreats 3 | . 2 . . . 1 . Traps | -11 -10 -9 -9 -9 -8 -8 ------- Run | Scr Mat Mat Min Exi Min Mat Traps Triggered 3 | . 1 2 . . . . Indirectly . | . . . . . . . Trap Hack Attempts . | . . . . . . . Triggered . | . . . . . . . Disarmed . | . . . . . . . Reprogrammed . | . . . . . . . Reused . | . . . . . . . Traps Extracted . | . . . . . . . Installed . | . . . . . . . Triggered . | . . . . . . . Machines | -11 -10 -9 -9 -9 -8 -8 ---------- Run | Scr Mat Mat Min Exi Min Mat Machines Disabled 2 | . 1 . . . 1 . Max in Single Turn 1 | . 1 . . . 1 . Machines Sabotaged . | . . . . . . . Garrisons Compromised . | . . . . . . . Overloaded Fab Kills . | . . . . . . . Fab Network Shutdowns . | . . . . . . . Hacking | -11 -10 -9 -9 -9 -8 -8 --------- Run | Scr Mat Mat Min Exi Min Mat Machines Accessed 2 | . . . . . . 2 Terminals 2 | . . . . . . 2 Fabricators . | . . . . . . . Repair Stations . | . . . . . . . Recycling Units . | . . . . . . . Scanalyzers . | . . . . . . . Garrison Access . | . . . . . . . Total Hacks 8 | . . . . . . 8 Successful 5 | . . . . . . 5 Failed 3 | . . . . . . 3 Catastrophic . | . . . . . . . Database Lockouts . | . . . . . . . Manual 8 | . . . . 1 . 7 Terminals 8 | . . . . . . 8 Fabricators . | . . . . . . . Repair Stations . | . . . . . . . Recycling Units . | . . . . . . . Scanalyzers . | . . . . . . . Garrison Access . | . . . . . . . Terminal Hacks 2 | . . . . . . 2 Branch Access Points 1 | . . . . . . 1 Emergency Access Points 1 | . . . . . . 1 Fabricator Hacks . | . . . . . . . Repair Station Hacks . | . . . . . . . Recycling Unit Hacks . | . . . . . . . Scanalyzer . | . . . . . . . Garrison Access Hacks . | . . . . . . . Unauthorized Hacks 8 | . . . . . . 8 Terminals 3 | . . . . . . 3 Track 1 | . . . . . . 1 Assimilate 1 | . . . . . . 1 Botnet 1 | . . . . . . 1 Fabricators . | . . . . . . . Repair Stations . | . . . . . . . Recycling Units . | . . . . . . . Scanalyzers . | . . . . . . . Garrison Access . | . . . . . . . Data Cores Recovered . | . . . . . . . Used . | . . . . . . . Hacking Detections 1 | . . . . . . 1 Full Trace Events . | . . . . . . . Feedback Events . | . . . . . . . Feedback Blocked . | . . . . . . . Robot Schematics Acquired . | . . . . . . . Robots Built . | . . . . . . . Matter . | . . . . . . . Time . | . . . . . . . Total Robot Build Rating . | . . . . . . . Part Schematics Acquired . | . . . . . . . Parts Built . | . . . . . . . Matter . | . . . . . . . Time . | . . . . . . . Total Part Build Rating . | . . . . . . . Parts Repaired . | . . . . . . . Time . | . . . . . . . Parts Recycled . | . . . . . . . Recycled Matter . | . . . . . . . Retrieved Matter . | . . . . . . . Retrieved Components . | . . . . . . . Parts Scanalyzed . | . . . . . . . Part Schematics Acquired . | . . . . . . . Parts Damaged . | . . . . . . . Bothacking | -11 -10 -9 -9 -9 -8 -8 ------------ Run | Scr Mat Mat Min Exi Min Mat Used RIF Installer . | . . . . . . . Robots Hacked . | . . . . . . . Non-combat . | . . . . . . . Combat . | . . . . . . . Robot Hacks Applied . | . . . . . . . Relay Couplers Released . | . . . . . . . Robots Rewired . | . . . . . . . Allies Hacked . | . . . . . . . Hacks Repelled . | . . . . . . . Allies | -11 -10 -9 -9 -9 -8 -8 -------- Run | Scr Mat Mat Min Exi Min Mat Total Allies . | . . . . . . . Largest Group . | . . . . . . . Highest-Rated Group . | . . . . . . . Highest-Rated Ally . | . . . . . . . Total Orders . | . . . . . . . Ally Attacks . | . . . . . . . Total Damage . | . . . . . . . Kills . | . . . . . . . Allies Corrupted . | . . . . . . . Allies Melted . | . . . . . . . Intel | -11 -10 -9 -9 -9 -8 -8 ------- Run | Scr Mat Mat Min Exi Min Mat Robot Analysis Total . | . . . . . . . Derelict Logs Recovered 1 | . . . 1 . . . Drone Launches . | . . . . . . . Drone Recoveries . | . . . . . . . Exploration | -11 -10 -9 -9 -9 -8 -8 ------------- Run | Scr Mat Mat Min Exi Min Mat Turns Passed 1571 | 61 480 109 112 334 333 142 Spaces Moved 920 | 51 224 67 94 241 193 50 Core 13 | 13 . . . . . . Treads . | . . . . . . . Legs 907 | 38 224 67 94 241 193 50 Wheels . | . . . . . . . Hover . | . . . . . . . Flight . | . . . . . . . Fastest Speed 50 | 50 120 120 120 120 150 180 Average Speed 133 | 104 120 120 120 135 151 180 Slowest Speed 180 | 150 120 120 120 150 180 180 Overloaded Moves . | . . . . . . . Propulsion Burnouts . | . . . . . . . Robots Hopped . | . . . . . . . Cave-ins Triggered . | . . . . . . . Exploration Rate (%) 30 | 3 52 11 28 63 47 8 Regions Visited 6 Branch Regions 3 Pre-discovered Areas . | . . . . . . . Known Exits Taken 1 | . . . . . 1 . Unknown Exits Taken 5 | 1 1 1 1 1 . . Scrap Searched 1 | . . . . . 1 . Spaces Dug . | . . . . . . . Terrain Destroyed 88 | . . . . . 88 . Melee . | . . . . . . . Projectile . | . . . . . . . AOE 88 | . . . . . 88 . Actions | -11 -10 -9 -9 -9 -8 -8 --------- Run | Scr Mat Mat Min Exi Min Mat Total 1132 | 56 340 79 93 250 213 101 Wait 80 | . 27 . . . 4 49 Move 914 | 50 223 66 93 240 192 50 Hop . | . . . . . . . Pick Up 19 | . 13 . . 4 2 . Fast Attach 14 | 6 2 2 . 2 . 2 Attach 2 | . 2 . . . . . Detach . | . . . . . . . Swap 13 | . 11 . . 1 1 . Drop 15 | . 8 2 . 3 2 . Fire 75 | . 54 9 . . 12 . Melee . | . . . . . . . Ram . | . . . . . . . Kick . | . . . . . . . Crush . | . . . . . . . Escape Stasis . | . . . . . . . Rewire . | . . . . . . . Trap . | . . . . . . . Miscellaneous . | . . . . . . . Route ------- -11/Scrapyard -10/Materials (discovered 3 exits: [*Mat x2] / [*Min]) -9/Materials -9/Mines (discovered 2 exits: Mat / *Exi) -9/Exiles -8/Mines -8/Materials History --------- Turn | Location | Event 6 | -11/Scrapyard | Discovered new exit (range 15) 62 | -11/Scrapyard | Entered Materials 313 | -10/Materials | Build established: Mutant 326 | -10/Materials | Discovered new exit (range 7) 502 | -10/Materials | Discovered new exit (range 10) 521 | -10/Materials | Discovered new exit (range 16) 542 | -10/Materials | Entered another Materials area 542 | -9/Materials | Evolved 2 slots: Propulsion x2 603 | -9/Materials | Discovered new exit (range 15) 651 | -9/Materials | Entered Mines 714 | -9/Mines | Identified exit to Materials 758 | -9/Mines | Deemed a non-threat by the Exiles lab entrance 758 | -9/Mines | Discovered new exit (range 5) 763 | -9/Mines | Entered Exiles 793 | -9/Exiles | Met 8R-AWN 813 | -9/Exiles | Met EX-HEX 853 | -9/Exiles | Met EX-BIN 868 | -9/Exiles | Aligned with FarCom system 869 | -9/Exiles | Given EX-Vault access code 897 | -9/Exiles | Opened EX-Vault 904 | -9/Exiles | Found Prototype Device 904 | -9/Exiles | Identified Cloak of Protection 939 | -9/Exiles | Warned to stay clear of 0b10 Research branches 978 | -9/Exiles | Met EX-DEC 1076 | -9/Exiles | Discovered new exit (range 15) 1097 | -9/Exiles | Left Exiles lab with Cloak of Protection 1097 | -9/Exiles | Entered Mines 1416 | -8/Mines | Discovered exit to Materials (range 9) 1430 | -8/Mines | Entered Materials 1430 | -8/Materials | Evolved 2 slots: Utility x2 1572 | -8/Materials | Self-destructed Last Messages --------------- Trojan loaded successfully. Testing... System interface override in place. >>Trojan(Botnet) Trojan loaded successfully. Testing... Terminal linked with 0 systems. Awaiting botnet instructions. >>Trojan(Track) Trojan loaded successfully. Testing... Tracking enabled and active. >>Access(Emergency) Found 1 emergency access door: (6,81) Map updated. 01549_ O-24 Administrator: "IFF HANDSHAKE FAILED. SECURING TERMINAL." 01555_ ALERT: Hostiles spotted, dispatching reinforcements to Terminal M009. 01572_ Aluminum Leg destroyed. Map ----- +----------------------------------------------------+ | ???????????????????????????????? | | ???????????????????????????????? | | ???????????????????????????????? | | ???????????????????????????????? | | ???????????????????????????????? | | ???????????????????????????????? | | ???????????????????????????????? | | ???????????????????????????????? | | ???????????????????????????????? | | ???????????????????????????????? | | ???????????????????????????????? | | ???????????????????????????????? | | ??????????? ?????????????????? | | ????????? "T ?????????????????? | | ????????? o ?????????????????? | | ????????? ?????????????????? | | ?????????# #?????????????????? | | ?????????# ###???????????????? | | ?????????# # ????????????????? | | ########## ??????t??????????? | | # ## #??????u??????????? | | # k ## #?????????????????? | | # ## ##????????????????? | | # # #????????????????? | | # # #????????????????? | | #""" @/ T #????????????????? | | #""" # #????????????????? | | #"S # * #????????????????? | | #""" ## ##???????Y????????? | | # "" ## #?????????????????? | | # ## #?????????????????? | | #######Y## #?????????????????? | | ??????#### r#?????????????????? | | ??#####??# #?????????????????? | | ??# ?# #?????????????????? | | ??#"S ?# #?????????????????? | | ??#""" # #?????????????????? | | ??# "" # #?????????????????? | | ??# + +?????????????????? | | ??# # #?????????????????? | | ######+### #?????????????????? | | # # #?????????????????? | | #""" # #?????????????????? | | #""" # #?????????????????? | | #""" # #?????????????????? | | # + #?????????????????? | | # # #?????????????????? | | # "T" # #?????????????????? | | # """ # #?????????????????? | | # #####?????????????????? | +----------------------------------------------------+ Best States ------------- Heat Dissipation 31 Energy Generation 14 Energy Capacity 250 Matter Stores 300 Matter Capacity 300 Sight Range 16 Robot Scan Range 16 Terrain Scan Density 10 Cloak Strength 5 Evasion (%) 50 Targeting Accuracy 5 Defensive Hacking 10 Item Schematics ----------------- None Robot Schematics ------------------ None Fabricated ------------ Nothing Alien Tech Used ----------------- None Achievements -------------- None Challenges ------------ None Game ------ Seed DeliveryMatterShielding Manual? 0 Play Time 00:12:12 Cumulative 105.9 hours Start 2019.11.04 @ 20:16:56 End 2019.11.04 @ 20:28:17 Sessions 1 Manual Loads 0 Difficulty Rogue Special Mode None Game No. 176 Rogue 176 Adventurer 0 Explorer 0 Win Type - Total 0 Types 0/0/0/0/0/0/0 Lore% 33 Gallery% 48 Achievement% 34 Wizard Run 0 Options --------- ASCII 0 Keyboard 0 Movement Mouse Keybinds 0 Fullscreen 1 Font 18/SmallcapsGlow Map View 76x50 Tactical HUD 1 Map Filters NONE Filters NONE Steam 1 RUN: 4fa8bef4-a84c-4cb2-9c8b-092f4797ed9d